 Dungeon Crawl Stone Soup version 0.31-a0-1589-g8f5e8aebd6 (webtiles) character file.

Game seed: 214896995409281815

223 gelatine the Covered (level 5, -3/41 HPs)
             Began as a Demonspawn Fighter on Jan 6, 2024.
             Slain by Grinder (5 damage)
             ... while paralysed by Grinder
             ... on level 4 of the Dungeon.
             The game lasted 00:10:01 (2893 turns).

gelatine the Covered (Demonspawn Fighter)           Turns: 2893, Time: 00:10:01

Health: -3/41      AC:  8    Str: 18    XL:     5   Next: 66%
Magic:  4/6        EV:  2    Int:  9    God:
Gold:   46         SH:  0    Dex: 18    Spells: 5/6 levels left

rFire   . . .        a - +0 war axe
rCold   . . .        c - +0 buckler
rNeg    . . .        y - +0 leather armour
rPois   .            w - +0 helmet
rElec   .            (no cloak)
rCorr   .            f - +0 pair of gloves
SInv    .            (no boots)
Will    .....        (no amulet)
Stlth   ++           s - +6 ring of dexterity
HPRegen 0.26/turn    (no ring)
MPRegen 0.20/turn

%: no passive effects
@: paralysed
A: claws 1, molten scales 2, magic regeneration
a: no special abilities


You were on level 4 of the Dungeon.
You visited 1 branch of the dungeon, and saw 4 of its levels.

You collected 150 gold pieces.
You spent 104 gold pieces at shops.

Inventory:

Hand Weapons
 a - a +0 war axe (weapon)
Armour
 b - a +0 scale mail
 c - a +0 buckler (worn)
 f - a +0 pair of gloves (worn)
 i - a +0 ring mail
 m - a +0 robe
 w - a +0 helmet (worn)
 y - a +0 leather armour (worn)
Jewellery
 s - a +6 ring of dexterity (left hand)
Talismans
 l - a talisman of death
 n - a beast talisman
 t - a granite talisman
 u - a blade talisman
Scrolls
 h - 2 scrolls of noise {unknown}
 o - a scroll of revelation {unknown}
 p - a scroll of teleportation {unknown}
 q - a scroll of silence {unknown}
 r - 2 scrolls of vulnerability {unknown}
Potions
 d - 3 potions of might
 e - a potion of brilliance
 g - 2 potions of curing
 k - a potion of degeneration
 x - a potion of attraction


   Skills:
 * Level 3.5 Fighting
 * Level 3.2 Axes
 * Level 3.5 Armour
 * Level 1.2 Dodging
 + Level 1.0 Stealth
 * Level 3.1 Shields
 + Level 0.5 Unarmed Combat
 * Level 1.0 Spellcasting
 * Level 0.3 Conjurations


You had 5 spell levels left.
You knew the following spells:

 Your Spells              Type           Power      Damage    Failure   Level
a - Magic Dart            Conj           4%         1d3       43%         1

Your spell library contained the following spells:

 Spells                   Type           Power      Damage    Failure   Level
 Searing Ray              Conj           2%         2d4       58%         2
 Fulminant Prism          Conj/Alch      0%         3d5       99%         4


Dungeon Overview and Level Annotations

Branches:
Dungeon (4/15)
 Temple: D:4-7

Altars:
Nemelex Xobeh
Okawaru

Shops:
D:2 ?   D:3 !

Annotations:
D:4 Grinder


Innate Abilities, Weirdness & Mutations

You have sharp fingernails.
You are mostly covered in molten scales. (AC +3)
You regenerate magic rapidly.


Message History

Grinder gestures at you. Pain shoots through your body!
You barely miss Grinder.
Grinder is moderately wounded.
Grinder hits you but does no damage.
You hit Grinder.
Grinder is heavily wounded.
You block Grinder's attack.
You barely miss Grinder.
Grinder is heavily wounded.
Grinder hits you but does no damage.
You hit Grinder but do no damage.
Grinder is heavily wounded.
Grinder says, "I used to sell toenails on the black market."
Grinder hits you but does no damage. Grinder hits you.
You closely miss Grinder.
Grinder is moderately wounded.
Grinder hits you.
You writhe in agony.
You barely miss Grinder.
Grinder is moderately wounded.
Grinder hits you but does no damage. Grinder misses you.
Your magical contamination has completely faded away.
You barely miss Grinder.
Grinder is moderately wounded.
Grinder hits you but does no damage.
You hit Grinder.
Grinder is heavily wounded.
Grinder hits you but does no damage.
You barely miss Grinder.
Grinder is heavily wounded.
Grinder gestures at you.
You suddenly lose the ability to move!
Grinder hits you but does no damage. Grinder gestures at you.
Pain shoots through your body!
* * * LOW HITPOINT WARNING * * *
Grinder hits you.
* * * LOW HITPOINT WARNING * * *
You writhe in agony.
You die...
Grinder says, "Now the real fun starts!"

......).................
.........#####..........
##......#####...........
##.....###.#............
......####..............
........................
........##..............
........###.....5.......
..............B.@.......
...............#........
....#...#......#........
.........#......[.......
###.....###.............
.. #............#
#.............
..............


You could see Grinder and a giant cockroach.

Vanquished Creatures
  A bombardier beetle (D:4)
  A hound (D:4)
  An iguana (D:4)
  Robin (D:3)
  3 adders
  3 ribbon worms (D:2)
  4 dart slugs
  2 orcs
  4 endoplasms
  A giant cockroach (D:1)
  13 goblins
  10 hobgoblins
  3 jackals
  2 quokkas
  6 ball pythons
  7 bats
  8 frilled lizards
  5 kobolds
  7 rats
82 creatures vanquished.

Notes
Turn   | Place    | Note
-------+----------+-------------------------------------------
     0 | D:1      | gelatine the Demonspawn Fighter began the quest for the
                  | Orb.
     0 | D:1      | Reached XP level 1. HP: 18/18 MP: 1/1
    82 | D:1      | Gained mutation: You are partially covered in molten
                  | scales. (AC +2) [demonic ancestry]
    82 | D:1      | Reached XP level 2. HP: 24/24 MP: 2/2
   282 | D:1      | Gained mutation: You are mostly covered in molten scales.
                  | (AC +3) [demonic ancestry]
   282 | D:1      | Reached XP level 3. HP: 29/29 MP: 3/3
   448 | D:2      | Found Gusch's Magic Scroll Shoppe.
   451 | D:2      | Bought a scroll of identify for 24 gold pieces
   943 | D:2      | Gained mutation: You regenerate magic rapidly. [demonic
                  | ancestry]
   943 | D:2      | Reached XP level 4. HP: 35/35 MP: 4/4
  1076 | D:2      | Reached skill level 1 in Dodging
  1539 | D:3      | Found an iron altar of Okawaru.
  1603 | D:3      | Found a sparkling altar of Nemelex Xobeh.
  1740 | D:3      | Found Wytotud's Distillery.
  1748 | D:3      | Bought a potion of heal wounds for 50 gold pieces
  1748 | D:3      | Bought a potion of curing for 30 gold pieces
  1763 | D:3      | Noticed Robin
  1770 | D:3      | Reached skill level 1 in Stealth
  1790 | D:3      | Killed Robin
  2118 | D:3      | Found a faded altar of an unknown god.
  2449 | D:3      | Learned a level 1 spell: Magic Dart
  2487 | D:4      | Gained mutation: You have sharp fingernails. [demonic
                  | ancestry]
  2487 | D:4      | Reached XP level 5. HP: 28/41 MP: 3/6
  2708 | D:4      | Reached skill level 1 in Spellcasting
  2710 | D:4      | Noticed Grinder
  2712 | D:4      | Paralysed by Grinder for 4 turns
  2740 | D:4      | Paralysed by Grinder for 2 turns
  2749 | D:4      | HP: 1/41 [Grinder (3)]
  2876 | D:4      | Paralysed by Grinder for 5 turns
  2891 | D:4      | Paralysed by Grinder for 5 turns
  2893 | D:4      | HP: 2/41 [Grinder (4)]
  2893 | D:4      | Slain by Grinder

Illustrated notes

Levels and vault maps discovered:
D:1:      dpeg_arrival_rooms_a, layout_rooms
D:2:      minmay_inner_zag, layout_loops_corners, serial_shops,
          nicolae_shop_behind_doors
D:3:      layout_loops_ring, okawaru_metal_pillars_1_2,
          mainiacjoe_overflow_boulevard, serial_shops,
          nicolae_shop_industrial_runoff,
          dreamdust_ecumenical_altar_hidden_monk_grotto, uniq_robin
D:4:      layout_cave_pools, mainiacjoe_overflow_alcove_1, minmay_diced_spiral,
          uniq_grinder, uniq_natasha

Skill      XL: |  1  2  3  4  5 |
---------------+----------------+-----
Axes           | 2 3 |  3.2
Shields        | 3 |  3.1
Armour         | 3 |  3.5
Dodging        | 1 |  1.2
Stealth        | 1 |  1.0
Spellcasting   | 1 |  1.0
Fighting       | |  3.5
Unarmed Combat | |  0.5
Conjurations   | |  0.3

Action                     |  1- 3 |  4- 6 || total
---------------------------+-------+-------++-------
  Melee: War axe           |   114 |   145 ||   259
   Cast: Magic Dart        |       |     7 ||     7
    Use: Scroll            |     1 |     5 ||     6
         Potion            |       |     2 ||     2
 Armour: Scale mail        |    91 |       ||    91
         Ring mail         |    13 |    55 ||    68
         Leather armour    |       |    46 ||    46
  Dodge: Dodged            |    68 |    67 ||   135
  Block: Buckler           |    38 |    46 ||    84

Table legend: (Time is in decaauts)
 A = Elapsed time spent in this place.
 B = Non-inter-level travel time spent in this place.
 C = Inter-level travel time spent in this place.
 D = Time resting spent in this place.
 E = Time spent auto-exploring this place.
 F = Levels seen in this place.
 G = Mean time per level.
                   A        B        C        D        E       F      G
               +--------+--------+--------+--------+--------+-----+--------+
         Total |   2999 |   2901 |     98 |      0 |   2044 |   4 |  749.8 |
       Dungeon |   2999 |   2901 |     98 |      0 |   2044 |   4 |  749.8 |
               +--------+--------+--------+--------+--------+-----+--------+

Top non-repeatable levels by time:
     D:3: 1117 daAuts
     D:2: 1056 daAuts
     D:1: 461 daAuts
     D:4: 364 daAuts
